 Dungeon Crawl Stone Soup version 0.30.0-19-g36f170ea60 (webtiles) character file.

Game seed: 11881953432953965857

399 cdecastro the Poker (level 6, -4/49 HPs)
             Began as a Demonspawn Gladiator on May 28, 2023.
             Killed from afar by a gnoll (5 damage)
             ... with a puff of flame
             ... led by a gnoll bouda
             ... on level 5 of the Dungeon.
             The game lasted 00:07:08 (3570 turns).

cdecastro the Poker (Demonspawn Gladiator)          Turns: 3570, Time: 00:07:09

Health: -4/49      AC: 13    Str: 14    XL:     6   Next: 53%
Magic:  0/6        EV: 12    Int: 11    God:
Gold:   176        SH:  0    Dex: 15    Spells: 5/5 levels left

rFire   . . .        C - +2 long sword (elec)
rCold   . . .        (no shield)
rNeg    . . .        b - +0 leather armour
rPois   .            c - +0 helmet
rElec   .            (no cloak)
rCorr   .            (no gloves)
SInv    .            (no boots)
Will    .....        x - amulet of guardian spirit
Stlth   +            (no ring)
HPRegen 0.28/turn    (no ring)
MPRegen 0.10/turn

%: guardian spirit
@: sanguine armoured
A: sanguine armour 2, condensation shield
a: no special abilities


You were on level 5 of the Dungeon.
You visited 1 branch of the dungeon, and saw 5 of its levels.

You collected 206 gold pieces.
You spent 30 gold pieces at shops.

Inventory:

Hand Weapons
 a - a +0 trident
 C - a +2 long sword of electrocution (weapon)
Missiles
 d - 3 throwing nets (quivered)
 e - 4 javelins
 q - 11 boomerangs
Armour
 b - a +0 leather armour (worn)
 c - a +0 helmet (worn)
Jewellery
 n - the ring "Ulamen" {Fire *Slow Will+ Str+2}
   (You found it on level 2 of the Dungeon)

   [ring of fire]

   It enhances your fire magic.
   Str:       It affects your strength (+2).
   rF:        It protects you from fire.
   rC:        It makes you vulnerable to cold.
   *Slow:     It may slow you when you take damage.
   Will:      It increases your willpower.
 x - an amulet of guardian spirit (around neck)
 z - an amulet of faith
Scrolls
 f - a scroll of brand weapon {unknown}
 j - a scroll of identify {unknown}
 l - 3 scrolls of magic mapping {unknown}
 m - 2 scrolls of immolation {unknown}
 o - a scroll of enchant armour {unknown}
 s - a scroll of noise {unknown}
 t - 3 scrolls of teleportation {unknown}
 u - 3 scrolls of butterflies {unknown}
 A - a scroll of acquirement {unknown}
 B - a scroll of silence {unknown}
Potions
 g - 3 potions of curing
 h - a potion of berserk rage {unknown}
 i - 2 potions of invisibility {unknown}
 k - 2 potions of attraction {unknown}
 p - a potion of degeneration {unknown}
 r - a potion of resistance {unknown}
 v - a potion of cancellation {unknown}
 w - a potion of magic {unknown}
 D - a potion of haste {unknown}
Miscellaneous
 y - a piece from Xom's chessboard (15/15)


   Skills:
 + Level 4.4 Fighting
 - Level 5.7 Polearms
 - Level 1.7 Throwing
 - Level 2.6 Dodging


You had 5 spell levels left.
You didn't know any spells.
Your spell library contained the following spells:

 Spells                   Type           Power      Damage    Failure   Level
 Sting                    Tmut/Pois      0%         1d3       41%         1
 Summon Small Mammal      Summ           0%         N/A       41%         1
 Poisonous Vapours        Pois/Air       0%         N/A       56%         2
 Call Canine Familiar     Summ           0%         N/A       80%         3
 Summon Guardian Golem    Hex/Summ       0%         N/A       80%         3
 Tukima's Dance           Hex            0%         N/A       80%         3
 Olgreb's Toxic Radiance  Pois           0%         N/A       99%         4
 Passage of Golubria      Tloc           0%         N/A       99%         4
 Summon Lightning Spire   Summ/Air       0%         N/A       99%         4
 Yara's Violent Unravell  Hex/Tmut       0%         3d3       100%        5
 Storm Form               Tmut/Air       0%         N/A       100%        7
 Maxwell's Capacitive Co  Air            0%         โˆž       100%        8


Dungeon Overview and Level Annotations

Branches:
Dungeon (5/15)
 Temple: D:4-7

Altars:
Ashenzari
Cheibriados
Sif Muna
Xom

Shops:
D:1 !:=:

Annotations:
D:3 2 runed translucent doors, Brutalitops's ghost, amateur DgHs


Innate Abilities, Weirdness & Mutations

When seriously injured, your blood forms thick armour. (AC +9)
A meltable shield of frost defends you. (SH +0)


Message History

Okay, then.
Unknown command.
Unknown command.
You hit the gnoll. Lightning courses through the gnoll!!
You kill the gnoll!
The gnoll hits you from afar with a +0 spear.
* * * LOW HITPOINT WARNING * * *
Unknown command.
You hit the gnoll.
The gnoll is moderately wounded.
The gnoll hits you but does no damage. The gnoll closely misses you. x2
Unknown command.
You hit the gnoll.
The gnoll is heavily wounded.
The gnoll is no longer moving quickly.
The gnoll hits you with a +0 flail.
* * * LOW HITPOINT WARNING * * *
The gnoll barely misses you.
The gnoll hits you from afar with a +0 spear.
* * * LOW HITPOINT WARNING * * *
The gnoll closely misses you. The gnoll misses you.
You slash the gnoll!
You kill the gnoll!
The gnoll hits you but does no damage. The gnoll closely misses you.
Unknown command.
You closely miss the gnoll. The gnoll hits you with a +0 whip.
* * * LOW HITPOINT WARNING * * *
The gnoll hits you from afar with a +0 spear.
* * * LOW HITPOINT WARNING * * *
The gnoll closely misses you.
Unknown command.
You closely miss the gnoll.
The gnoll hits you from afar with a +0 spear.
The gnoll barely misses you.
Unknown command.
You slash the gnoll!
The gnoll is severely wounded.
The gnoll hits you but does no damage.
The gnoll zaps a wand.
The puff of flame hits you.
Your condensation shield dissipates!
You die...

##..............>..# ##
###'#......##'######...
....#......#...........
....#......#........... .
###############'#####+##..
####...##......#
#...'....#g.....#.
ยง...#...g).g....'. ...
#'##@#......# โ‰ˆ. #.
####....... โ‰ˆ .. .......
... ....... ### .......
#######


You could see 3 gnolls.

Vanquished Creatures
  An ogre (D:5)
  A howler monkey (D:5)
  A gnoll bouda (D:5)
  2 hounds (D:4)
  An orc wizard (D:5)
  8 adders
  2 gnolls (D:5)
  3 dart slugs
  5 orcs
  5 endoplasms
  3 giant cockroaches
  7 goblins
  3 hobgoblins (D:4)
  4 jackals (D:1)
  4 kobolds
  3 quokkas
  4 ball pythons
  5 bats
  2 frilled lizards (D:3)
  4 rats
  A butterfly (D:3)
69 creatures vanquished.

Notes
Turn   | Place    | Note
-------+----------+-------------------------------------------
     0 | D:1      | cdecastro the Demonspawn Gladiator began the quest for the
                  | Orb.
     0 | D:1      | Reached XP level 1. HP: 16/16 MP: 1/1
    38 | D:1      | Found Deruewut's Book Boutique.
    93 | D:1      | Reached skill level 3 in Polearms
   106 | D:1      | Gained mutation: When seriously injured, your blood forms
                  | armour. (AC +9) [demonic ancestry]
   106 | D:1      | Reached XP level 2. HP: 11/22 MP: 2/2
   163 | D:1      | Found Iggof's Book Boutique.
   366 | D:1      | Found Viobiono's Distillery.
   383 | D:1      | Bought a potion of curing for 30 gold pieces
   443 | D:1      | Found Namui's Jewellery Emporium.
   589 | D:2      | Gained mutation: When seriously injured, your blood forms
                  | thick armour. (AC +9) [demonic ancestry]
   589 | D:2      | Reached XP level 3. HP: 26/27 MP: 3/3
   706 | D:2      | Reached skill level 4 in Polearms
   715 | D:2      | Identified the ring "Ulamen" {Fire *Slow Will+ Str+2}
  1053 | D:2      | Reached XP level 4. HP: 24/33 MP: 4/4
  1464 | D:3      | Found a large runed translucent door.
  1465 | D:3      | Found a large runed translucent door.
  1468 | D:3      | Noticed Brutalitops's ghost (amateur DgHs)
  1740 | D:3      | Found a shimmering altar of Xom.
  2100 | D:3      | Found a shimmering blue altar of Sif Muna.
  2292 | D:4      | Found a broken altar of Ashenzari.
  2302 | D:4      | Reached skill level 5 in Polearms
  2331 | D:4      | Found a snail-covered altar of Cheibriados.
  2513 | D:4      | Gained mutation: A meltable shield of frost defends you.
                  | (SH +0) [demonic ancestry]
  2513 | D:4      | Reached XP level 5. HP: 24/38 MP: 5/5
  3160 | D:5      | Entered Level 5 of the Dungeon
  3212 | D:5      | Noticed an ogre
  3227 | D:5      | Killed an ogre
  3228 | D:5      | Reached XP level 6. HP: 47/47 MP: 6/6
  3568 | D:5      | HP: 1/49 [gnoll/+0 spear[a gnoll bouda] (3)]
  3570 | D:5      | Killed from afar by a gnoll

Illustrated notes

Levels and vault maps discovered:
D:1:      dpeg_arrival_solitude, layout_rooms, serial_shops,
          nicolae_shop_back_alley_shop, shop, nicolae_shop_peninsula,
          nicolae_shop_just_a_little_nook
D:2:      layout_basic, minmay_misc_feat_roman, chequers_jeans
D:3:      layout_basic, xom_butterflies, nicolae_sif_muna_little_library,
          ebering_ghost_disaster_area
D:4:      wad_woods_pond, layout_basic, mainiacjoe_overflow_six_doors_small,
          mainiacjoe_overflow_chevrons, kennysheep_generic_room_9
D:5:      layout_gridville, eat_drink_and_be_merry_uskayaw,
          minmay_temple_entry_fiery, minmay_misc_feat_room, nicolae_titane

Skill      XL: |  1  2  3  4  5  6 |
---------------+-------------------+-----
Polearms       | 3 4 5 |  5.7
Fighting       | 3 4 |  4.4
Throwing       | |  1.7
Dodging        | |  2.6

Action                     |  1- 3 |  4- 6 || total
---------------------------+-------+-------++-------
  Melee: Trident           |   128 |   114 ||   242
         Punch             |     2 |       ||     2
         Long sword        |       |    35 ||    35
  Evoke: Piece from Xom's  |       |     2 ||     2
   Stab: Sleeping          |     1 |     3 ||     4
 Armour: Leather armour    |    29 |    54 ||    83
  Dodge: Dodged            |    81 |    83 ||   164
  Block: Other             |       |    14 ||    14
